 Dungeon Crawl Stone Soup version 0.26-a0-668-gd58323b419 (webtiles) character file.

Game seed: 13652208980430950560

38 somkeydreadnuts the Stinger (level 3, -1/28 HPs)
             Began as a Naga Venom Mage on Oct 19, 2020.
             Slain by a leopard gecko (4 damage)
             ... on level 2 of the Dungeon.
             The game lasted 00:05:49 (1291 turns).

somkeydreadnuts the Stinger (Naga Venom Mage)       Turns: 1291, Time: 00:05:50

Health: -1/28      AC:  2    Str: 10    XL:     3   Next: 43%
Magic:  4/6        EV: 10    Int: 16    God:
Gold:   76         SH:  0    Dex: 11    Spells: 5/6 levels left

rFire    . . .     SeeInvis +   l - +1 quarterstaff (pain)
rCold    . . .     Faith    .   (shield currently unavailable)
rNeg     . . .     Spirit   .   a - +0 robe
rPois    +         Reflect  .   (no helmet)
rElec    .         Harm     .   (no cloak)
rCorr    .         Rampage  .   (no gloves)
MR       .....                  (no barding)
Stlth    ++........             (no amulet)
HPRegen  0.09/turn              (no ring)
MPRegen  0.10/turn              (no ring)

@: short of breath, very slow
A: large, see invisible, deformed body, poison resistance, slowness 2, spit
poison 1, AC +1
a: Spit Poison


You were on level 2 of the Dungeon.
You visited 1 branch of the dungeon, and saw 2 of its levels.

You collected 76 gold pieces.

Inventory:

Hand Weapons
 b - a +0 hand axe
 l - a +1 quarterstaff of pain (weapon)
Armour
 a - a +0 robe (worn)
Jewellery
 j - an uncursed ring of positive energy {unknown}
Scrolls
 e - 2 scrolls of teleportation {unknown}
 h - a scroll of fog {unknown}
 i - a scroll of identify {unknown}
 k - 2 scrolls of remove curse {unknown}
Potions
 c - 2 potions of might {unknown}
 d - a potion of brilliance {unknown}
 f - a potion of curing {unknown}
 g - a potion of invisibility {unknown}


   Skills:
 + Level 0.1 Staves
 - Level 1.6 Dodging
 * Level 4.2 Stealth
 - Level 2.0 Spellcasting
 - Level 1.0 Transmutations
 - Level 5.1 Poison Magic


You had 5 spell levels left.
You knew the following spells:

 Your Spells              Type           Power        Failure   Level
a - Sting                 Tmut/Pois      ##..         6%          1

Your spell library contained the following spells:

 Spells                   Type           Power        Failure   Level
 Poisonous Vapours        Pois/Air       #.....       11%         2
 Ignite Poison            Fire/Tmut/Pois #.......     26%         3
 Olgreb's Toxic Radiance  Pois           ###.....     26%         4
 Mephitic Cloud           Conj/Pois/Air  #.......     30%         3


Dungeon Overview and Level Annotations

Branches:
Dungeon (2/15)

Altars:


Innate Abilities, Weirdness & Mutations

You cannot wear boots.
Your serpentine skin is tough. (AC +1)
You have supernaturally acute eyesight. (SInv)
Armour fits poorly on your strangely shaped body.
Your system is resistant to poisons. (rPois)
You cover ground very slowly.
You can spit poison.


Message History

You have got your breath back.
The jackal barely misses you.
Press: ? - help, Shift-Dir - straight line, f - worm, p - goblin
Aim: a worm The splash of poison hits the jackal but does no damage.
The jackal looks even sicker.
The jackal barely misses you.
The jackal bites you but does no damage.
You hit the jackal.
The jackal is heavily wounded.
You feel sick.
You are no longer poisoned.
The jackal bites you.
* * * LOW HITPOINT WARNING * * *
The jackal closely misses you.
You sock the jackal!
You kill the jackal!
The leopard gecko closely misses you.
You hit the leopard gecko but do no damage.
The leopard gecko closely misses you. The leopard gecko bites you.
You die...

#...!. ### .. #..... #.#..
..# .# #..... #.#.# #.##.#
#.....#### #.#.# ##.##.###
#....... ..... ........
#......# #.#.# #..#.#.#
#.....g####.#.# #..#.#.#
#.....Sl@...#.####....#.#
#......w##..........#..#.#
#.....####.###.######..#.#
#..... #.# #.# ##†...
#..... #.# #.# #.#.#
#....l #.# #.# ##†#.#
#..... #.# #.######....#
####+# #.# #.#....#...##
#.# #.#.##.#.#<##


You could see a worm, an adder, a leopard gecko and a goblin.

Vanquished Creatures
  An adder (D:2)
  A dart slug (D:1)
  2 leopard geckos (D:1)
  2 bats
  2 giant cockroaches
  4 hobgoblins
  3 jackals (D:2)
  4 kobolds
  A frilled lizard (D:2)
  A goblin (D:1)
  2 rats
23 creatures vanquished.

Notes
Turn   | Place    | Note
-------+----------+-------------------------------------------
     0 | D:1      | somkeydreadnuts the Naga Venom Mage began the quest for the
                  | Orb.
     0 | D:1      | Reached XP level 1. HP: 15/15 MP: 3/3
   209 | D:1      | Reached XP level 2. HP: 22/22 MP: 1/5
  1015 | D:1      | Reached skill level 5 in Poison Magic
  1183 | D:2      | Reached XP level 3. HP: 28/28 MP: 2/6
  1291 | D:2      | Slain by a leopard gecko

Illustrated notes

Levels and vault maps discovered:
D:1:      erik_arrival_blinker_ship, layout_basic
D:2:      layout_basic, makhleb_heckhound_becter

Skill      XL: |  1  2  3 |
---------------+----------+-----
Poison Magic   | 5 |  5.1
Stealth        | 4 |  4.2
Staves         | |  0.1
Dodging        | |  1.6
Spellcasting   | |  2.0
Transmutations | |  1.0

Action                   || total
-------------------------++-------
Melee: Hand axe          ||    13
       Quarterstaff      ||    15
 Cast: Sting             ||    31
 Abil: Spit Poison       ||     4
Armor: Robe              ||    10
Dodge: Dodged            ||    30

Table legend: (Time is in decaauts)
 A = Elapsed time spent in this place.
 B = Non-inter-level travel time spent in this place.
 C = Inter-level travel time spent in this place.
 D = Time resting spent in this place.
 E = Time spent auto-exploring this place.
 F = Levels seen in this place.
 G = Mean time per level.
                   A        B        C        D        E       F      G
               +--------+--------+--------+--------+--------+-----+--------+
         Total |   1587 |   1587 |      0 |      0 |   1192 |   2 |  793.5 |
       Dungeon |   1587 |   1587 |      0 |      0 |   1192 |   2 |  793.5 |
               +--------+--------+--------+--------+--------+-----+--------+

Top non-repeatable levels by time:
     D:1: 1382 daAuts
     D:2: 204 daAuts
